 Dungeon Crawl Stone Soup version 0.30.0-16-gbe6223bb7e (webtiles) character file.

Game seed: 15610329675257046910

149 NateTC the Chopper (level 5, -3/45 HPs)
             Began as a Minotaur Chaos Knight on May 21, 2023.
             Was a Plaything of Xom.
             Slain by an iguana (13 damage)
             ... on level 4 of the Dungeon.
             The game lasted 00:04:23 (1165 turns).

NateTC the Chopper (Minotaur Chaos Knight)          Turns: 1165, Time: 00:04:24

Health: -3/45      AC:  3    Str: 16    XL:     5   Next: 9%
Magic:  4/4        EV: 10    Int:  9    God:    Xom [.....*]
Gold:   41         SH:  0    Dex: 10    Spells: 4/4 levels left

rFire   . . .        k - +0 war axe
rCold   . . .        (no shield)
rNeg    . . .        f - +0 ring mail
rPois   .            (helmet restricted)
rElec   +            (no cloak)
rCorr   .            (no gloves)
SInv    .            (no boots)
Will    +....        (no amulet) Stlth
                     (no ring)
HPRegen 0.27/turn    (no ring)
MPRegen 0.09/turn

%: no passive effects
@: no status effects
A: horns 2, retaliatory headbutt, talons 1, deformed body, strong-willed 1,
electricity resistance, weak 1
a: Renounce Religion


You were on level 4 of the Dungeon.
You worshipped Xom.
You were Xom's teddy bear.
You visited 1 branch of the dungeon, and saw 3 of its levels.

You collected 41 gold pieces.

Inventory:

Hand Weapons
 k - a +0 war axe (weapon)
Missiles
 j - 2 silver boomerangs
Armour
 f - a +0 ring mail (worn)
Scrolls
 i - a scroll of teleportation {unknown}
Potions
 d - a potion of brilliance {unknown}
 e - a potion of might {unknown}
 g - 2 potions of ambrosia {unknown}
 h - a potion of curing {unknown}
Miscellaneous
 c - a piece from Xom's chessboard (15/15) (quivered)


   Skills:
 - Level 3.6 Fighting
 * Level 7.0 Axes
 - Level 2.4 Armour
 - Level 1.1 Dodging


You had 4 spell levels left.
You didn't know any spells.
Your spell library contained the following spells:

 Spells                   Type           Power      Damage    Failure   Level
 Freezing Cloud           Conj/Ice/Air   0%         6-21      100%        5
 Summon Mana Viper        Hex/Summ       0%         N/A       100%        5
 Plasma Beam              Fire/Air       0%         2x1d11    100%        6
 Haunt                    Necr/Summ      0%         N/A       100%        7


Dungeon Overview and Level Annotations

Branches:
Dungeon (2/15) Zot: 16819

Altars:
Hepliaklqana


Innate Abilities, Weirdness & Mutations

You have a pair of horns on your head.
You reflexively headbutt those who attack you in melee.
You have sharp toenails.
Armour fits poorly on your strangely shaped body.
You are strong-willed. (Will+)
You are resistant to electric shocks. (rElec)
You are weak. (Str -2)


Message History

The white imp is lightly wounded.
Your ufetubus barely misses the white imp. x2
The white imp gestures at you. The puff of frost hits you!
Your ufetubus hits the white imp but does no damage. x2
You hit the white imp. You claw the white imp.
The white imp is severely wounded.
Your ufetubus hits the white imp but does no damage.
Your ufetubus hits the white imp. The white imp hits you.
The white imp freezes you.
You slash the white imp!
You kill the white imp!
You start resting. "Whee!"
Your surroundings suddenly seem different.
An iguana comes into view.
Found 3 stones.
Found a stone staircase leading up.
An iguana is nearby!
The iguana hisses angrily.
You hit the iguana. Your kick misses the iguana.
The iguana is lightly wounded.
The iguana bites you.
You closely miss the iguana. Your headbutt misses the iguana.
The iguana is lightly wounded.
The iguana misses you.
You slash the iguana! Your headbutt misses the iguana.
The iguana is severely wounded.
The iguana barely misses you. The iguana bites you.
You closely miss the iguana. Your headbutt misses the iguana.
The iguana is severely wounded.
The iguana bites you.
You hit the iguana. You claw the iguana, but do no damage.
The iguana is almost dead.
The iguana bites you!
* * * LOW HITPOINT WARNING * * *
You hit the iguana. You claw the iguana, but do no damage.
Your headbutt misses the iguana.
The iguana is almost dead.
The iguana bites you!
You die...

#### ...###
.....###
.......###.#######
.....#........<..#
.(...#.###.#####.#
.†#....... #@#
.....#.####### #l#
....<......... .(.
..####.######
##..# #.# #.# #..#
#.# #.# #..# #.#
#.# #..# ..# #.###
...# P.# #.†.#


You could see an iguana.

Vanquished Creatures
  4 gnolls (D:4)
  4 adders
  A white imp (D:4)
  An ufetubus (D:4)
  A worm (D:4)
  2 dart slugs
  4 ball pythons
  5 endoplasms
  3 giant cockroaches (D:1)
  7 goblins
  A hobgoblin (D:1)
  5 jackals (D:1)
  2 quokkas
  5 bats
  4 kobolds (D:1)
  5 rats
54 creatures vanquished.

Vanquished Creatures (collateral kills)
  A ball python (D:4)
1 creature vanquished.

Grand Total: 55 creatures vanquished

Notes
Turn   | Place    | Note
-------+----------+-------------------------------------------
     0 | D:1      | NateTC the Minotaur Chaos Knight began the quest for the
                  | Orb.
     0 | D:1      | Reached XP level 1. HP: 19/19 MP: 0/0
    80 | D:1      | XOM: potion effect (berserk rage)
    84 | D:1      | Reached skill level 4 in Axes
   133 | D:1      | Reached XP level 2. HP: 26/26 MP: 1/1
   149 | D:1      | XOM: silly message
   210 | D:1      | Reached skill level 5 in Axes
   227 | D:1      | Reached XP level 3. HP: 31/31 MP: 2/2
   249 | D:1      | XOM is BORED!
   249 | D:1      | XOM: give mutations
   249 | D:1      | Gained mutation: You have sharp toenails. [Xom's mischief]
   249 | D:1      | Gained mutation: Armour fits poorly on your strangely
                  | shaped body. [Xom's mischief]
   249 | D:1      | Gained mutation: You are weak. (Str -2) [Xom's mischief]
   249 | D:1      | Gained mutation: You are resistant to electric shocks.
                  | (rElec) [Xom's mischief]
   663 | D:1      | XOM: give mutation
   663 | D:1      | Gained mutation: You are strong-willed. (Will+) [Xom's
                  | grace]
   668 | D:1      | XOM: god gift: 2 silver boomerangs
   744 | D:1      | XOM: god gift: Xom's Parchment of Neurosis {god gift}
   745 | D:1      | Got Xom's Parchment of Neurosis {god gift}
   824 | D:2      | Found a hazy altar of Hepliaklqana.
   919 | D:2      | Reached XP level 4. HP: 39/39 MP: 3/3
   929 | D:2      | Reached skill level 6 in Axes
   953 | D:2      | You fall into a shaft and drop 2 floors!
   979 | D:4      | XOM: summons friendly ufetubus
  1058 | D:4      | Reached XP level 5. HP: 40/45 MP: 4/4
  1086 | D:4      | Reached skill level 7 in Axes
  1157 | D:4      | XOM: 1-stop teleportation journey
  1165 | D:4      | Slain by an iguana

Illustrated notes

Levels and vault maps discovered:
D:1:      shiori_arrival_maze, layout_loops_ring, serial_bayou_pond_e,
          st_stairs_11, chequers_garden
D:2:      layout_basic, basic_altar
D:4:      layout_loops_ring, kennysheep_donut, serial_bayou_pond_e, st_stairs_9,
          minmay_shop_grid_forest

Skill      XL: |  1  2  3  4  5 |
---------------+----------------+-----
Axes           | 4 5 6 7 |  7.0
Fighting       | |  3.6
Armour         | |  2.4
Dodging        | |  1.1

Action                     |  1- 3 |  4- 6 || total
---------------------------+-------+-------++-------
  Melee: Hand axe          |    73 |    25 ||    98
         Headbutt          |     7 |     3 ||    10
         Kick              |     4 |     8 ||    12
         Punch             |       |     1 ||     1
         War axe           |       |     9 ||     9
    Use: Scroll            |     1 |       ||     1
 Armour: Leather armour    |     4 |       ||     4
         Ring mail         |    12 |     5 ||    17
  Dodge: Dodged            |    43 |    15 ||    58
